Cogmind - Beta 12 @@@ ROGUE MODE // 2023.04.18 @ 12:14:14 Player: Mr Goldstein Result: Self-destructed Performance ------------- Evolutions (2) 1000 Regions Visited (5) 1000 Robots Destroyed (69) 345 Value Destroyed (1339) 1339 Prototype IDs (28) 560 Alien Tech Used (0) 0 Bonus (-749) -749 TOTAL SCORE: 3495 Bonus ------- Follower Combat Kills 21 Aligned with FarCom 300 Friendly Fire -1070 Cogmind --------- Core Integrity 418/550 Matter 270/300 Energy 39/100 System Corruption 1% Temperature Cool (26) Movement Core (100) Ox1 Location -8/Materials Parts ------- > --- POWER (1) -------- (None) > --- PROPULSION (3) --- (None) > --- UTILITY (5) ------ Large Storage Unit Advanced Weight Redist. System Core Shielding > --- WEAPON (2) ------- Mace > --- INVENTORY (15) --- YI-UF0's Bottomless Matter Pit (65) Improved Signal Interpreter Light Armor Plating Light Armor Plating Medium Armor Plating Medium Armor Plating PSU Rigger Grenade Launcher Mace Mace Maul Maul Maul Maul Peak State ------------ > --- POWER ------------ Light Angular Momentum Engine > --- PROPULSION ------- Wheel Compact Wheel > --- UTILITY ---------- Large Storage Unit YI-UF0's Bottomless Matter Pit > --- WEAPON ----------- Mace Mace > --- INVENTORY -------- Light Ion Engine Compact Wheel Compact Wheel Compact Wheel Core Shielding Medium Armor Plating Medium Armor Plating Medium Armor Plating PSU Rigger Grenade Launcher Mace Maul Maul Maul Maul [Rating: 24] Favorites ----------- Power Ion Engine Engine Ion Engine Propulsion Compact Wheel Wheel Compact Wheel Utility Large Storage Unit Device Advanced Weight Redist. System Storage Large Storage Unit Protection Core Shielding Weapon Mace Ballistic Gun Assault Rifle Launcher YI-UF0's Doublenader Impact Weapon Mace Build | -11 -10 -10 -10 -9 -8 ------- Run | Jun Mat Min Exi Min Mat Slots Evolved 4 | . . . . . 4 Power . | . . . . . . Propulsion 1 | . . . . . 1 Utility 3 | . . . . . 3 Weapon . | . . . . . . Parts Attached 40 | 6 15 3 1 6 9 Power 6 | 1 3 1 . . 1 Engine 6 | 1 3 1 . . 1 Core . | . . . . . . Reactor . | . . . . . . Propulsion 11 | 2 7 1 . . 1 Treads . | . . . . . . Leg . | . . . . . . Wheel 11 | 2 7 1 . . 1 Hover . | . . . . . . Flight . | . . . . . . Utility 11 | 1 3 1 . 2 4 Device 1 | . . . . . 1 Storage 3 | 1 1 . . 1 . Processor . | . . . . . . Hackware . | . . . . . . Protection 7 | . 2 1 . 1 3 Artifact . | . . . . . . Weapon 12 | 2 2 . 1 4 3 Energy Gun . | . . . . . . Energy Cannon . | . . . . . . Ballistic Gun 2 | 2 . . . . . Ballistic Cannon . | . . . . . . Launcher 4 | . . . . 2 2 Special Weapon . | . . . . . . Impact Weapon 6 | . 2 . 1 2 1 Slashing Weapon . | . . . . . . Piercing Weapon . | . . . . . . Special Melee Weapon . | . . . . . . Unidentified Prototypes 2 | . . . . 2 . Corrupted Parts 1 | . . . . 1 . System Corruption 4 | . . . . 4 . Parts Lost 13 | . 5 . . . 8 Power 5 | . 3 . . . 2 Propulsion 5 | . 2 . . . 3 Utility 2 | . . . . . 2 Weapon 1 | . . . . . 1 Highest Loss Streak 4 | . 2 . . . 4 To Critical Strikes . | . . . . . . Average Slot Usage (%) 95 | . 97 100 100 99 74 Engine 12 | . 12 14 14 14 7 Wheel 25 | . 27 28 28 28 13 Storage 13 | . 14 14 14 14 9 Protection 15 | . 13 14 14 13 23 Ballistic Gun 1 | . 3 . . . . Impact Weapon 23 | . 24 28 28 21 16 Naked Turns . | . . . . . . Heaviest Build 46 | 13 34 41 41 45 46 Greatest Support 42 | 20 32 32 26 26 42 Greatest Overweight (x) 2 | . 1 1 1 1 2 Average Overweight (x) . | . . 1 1 1 . Largest Inventory Capacity 15 | 8 15 15 15 15 15 Average Capacity 13 | 6 11 15 15 15 15 Most Carried 15 | 2 15 15 15 15 14 Average Carried 12 | 1 10 14 14 14 13 Final Capacity 15 | 8 15 15 15 15 15 Final Carried 15 | 2 15 15 15 15 14 Class Distribution -------------------- 97% | Mutant Dominant Class ---------------- Mutant | -10/Materials Mutant | -10/Mines Mutant | -10/Exiles Mutant | -9/Mines Mutant | -8/Materials Resources | -11 -10 -10 -10 -9 -8 ----------- Run | Jun Mat Min Exi Min Mat Matter Collected 1244 | 208 459 39 . 207 331 Remotely . | . . . . . . Salvage Created 2155 | . 1201 168 . 249 537 Parts 68 | . 32 1 . 15 20 Haulers Intercepted 2 | . 1 . . . 1 Recyclers Shooed 2 | . 2 . . . . Parts Field Recycled . | . . . . . . Retrieved Matter . | . . . . . . Parts Self-Destructed . | . . . . . . Prevented . | . . . . . . Kills | -11 -10 -10 -10 -9 -8 ------- Run | Jun Mat Min Exi Min Mat Combat Hostiles Destroyed 36 | . 15 2 . 6 13 Melee 9 | . 5 2 . . 2 Guns 4 | . 4 . . . . AOE 13 | . . . . 6 7 Classes Destroyed 13 | . 9 2 . . 2 Worker 10 | . 7 2 . . 1 Builder 4 | . 3 1 . . . Tunneler 3 | . . 2 . . 1 Hauler 2 | . 1 . . . 1 Recycler 7 | . 5 1 . . 1 Mechanic 1 | . 1 . . . . Operator 2 | . 2 . . . . Watcher 4 | . 3 . . . 1 Swarmer 9 | . 2 . . 3 4 Grunt 19 | . 13 . . 4 2 Duelist 1 | . . . . . 1 Sentry 6 | . . . . . 6 Assembled 2 | . . 2 . . . Best Kill Streak 12 | . 6 4 . 3 12 Combat Bots Only 5 | . 4 1 . 3 5 Max Kills in Single Turn 4 | . 1 1 . 3 4 Gunslinging . | . . . . . . Exploded 3 | . . . . 3 3 Melee 1 | . 1 1 . . 1 Uniques/NPCs Destroyed 1 | . . . . 1 . YI-UF0 (-9/Mines) Combat | -11 -10 -10 -10 -9 -8 -------- Run | Jun Mat Min Exi Min Mat Damage Taken 1952 | . 879 157 . 66 850 Core 374 | . 198 36 . 8 132 Absorbed by Shields . | . . . . . . Redirected to Shielding 67 | . 44 . . . 23 Core Remaining (%) 51 | 100 . . . 3 . Volleys Fired 43 | . 29 . . 4 10 Largest 2 | . 2 . . 1 1 Hottest 70 | . 40 . . 70 70 Shots Fired 72 | . 58 . . 4 10 Gun 58 | . 58 . . . . Cannon . | . . . . . . Launcher 14 | . . . . 4 10 Special . | . . . . . . Kinetic 58 | . 58 . . . . Thermal . | . . . . . . Explosive 14 | . . . . 4 10 Electromagnetic . | . . . . . . Robot Hit Streak 7 | . 7 . . 3 3 Robot Miss Streak 3 | . 3 . . 1 1 Penetration Max . | . . . . . . Secondary Targets 2 | . 2 . . . . Max Gunslinging Chain 1 | . 1 . . . . Shots Hit Robots 168 | . 113 12 . 3 40 Core Hits 62 | . 28 1 . 10 23 Critical Kills 1 | . . . . . 1 Critical Parts Destroyed 21 | . 14 1 . 1 5 Critical Strikes 22 | . 14 1 . 1 6 Destroy 1 | . 1 . . . . Smash 21 | . 13 1 . 1 6 Melee Attacks 200 | . 141 17 . 2 40 Impact 200 | . 141 17 . 2 40 Slashing . | . . . . . . Piercing . | . . . . . . Sneak Attacks 37 | . 24 7 . 2 4 Combat Hostiles 4 | . 2 . . . 2 Follow-up Attacks 18 | . 10 1 . . 7 Damage Inflicted 6239 | . 3566 611 . 443 1619 Guns 428 | . 428 . . . . Cannons . | . . . . . . Explosions 874 | . . . . 297 577 Melee 4937 | . 3138 611 . 146 1042 Ramming . | . . . . . . Kinetic 428 | . 428 . . . . Thermal . | . . . . . . Explosive 874 | . . . . 297 577 Electromagnetic . | . . . . . . Impact 4937 | . 3138 611 . 146 1042 Slashing . | . . . . . . Piercing . | . . . . . . Highest Corruption 5 | . 1 1 1 5 1 Average Corruption 1 | . 1 1 1 4 1 Corruption Purged . | . . . . . . Corruption Blocked . | . . . . . . Effects 20 | . 2 7 1 10 . Message Errors 5 | . 1 . . 4 . Matter Fused 6 | . 1 2 1 2 . Heat Flow Errors 1 | . . 1 . . . Energy Discharges 3 | . . 2 . 1 . Data Loss (major) 3 | . . 1 . 2 . Alerts 2 | . . 1 . 1 . Overload Shots . | . . . . . . Overflow Damage 1673 | . 1123 280 . 70 200 Projectiles . | . . . . . . Explosions . | . . . . . . Melee 1673 | . 1123 280 . 70 200 Knockbacks 29 | . 23 4 . 1 1 Impact 28 | . 22 4 . 1 1 Kinetic . | . . . . . . Secondary 1 | . 1 . . . . Self-Inflicted Damage 150 | . . . . 67 83 Shots 6 | . . . . 3 3 Rammed . | . . . . . . Targets Rammed . | . . . . . . Kicked . | . . . . . . Crushed . | . . . . . . Highest Temperature 152 | . 33 152 . 132 128 Average Temperature 42 | . 12 60 . 56 51 Received Heat Transfer 908 | . 483 89 . . 336 Siege Activations . | . . . . . . Robots Corrupted . | . . . . . . Combat Hostiles . | . . . . . . Parts Fried 35 | . 23 10 . . 2 Impact Corruptions 69 | . 47 10 . 1 11 Robots Melted . | . . . . . . Combat Hostiles . | . . . . . . Parts Melted . | . . . . . . Heat Transferred . | . . . . . . Parts Sabotaged . | . . . . . . Parts Stolen . | . . . . . . Parts Stripped . | . . . . . . Power Chain Reactions . | . . . . . . Missiles Intercepted . | . . . . . . Alert | -11 -10 -10 -10 -9 -8 ------- Run | Jun Mat Min Exi Min Mat Peak Influence 398 | . 220 140 . 205 398 Initial 79 | . . 43 . . 79 Average 105 | . 100 41 . 88 261 Maximum Alert Level 1 | . 1 . . 1 1 Low Security (%) 86 | 100 98 100 . 66 39 Level 1 13 | . 1 . . 33 60 Level 2 . | . . . . . . Level 3 . | . . . . . . Level 4 . | . . . . . . Level 5 . | . . . . . . High Security . | . . . . . . Max Security . | . . . . . . Squads Dispatched 11 | . 5 1 . . 5 Investigation 4 | . 3 1 . . . Extermination . | . . . . . . Reinforcement 2 | . 2 . . . . Assault . | . . . . . . Garrison 5 | . . . . . 5 Intercept . | . . . . . . Searches Triggered . | . . . . . . Construction Impeded . | . . . . . . Haulers Reinforced . | . . . . . . Active Scanning Responses . | . . . . . . Cargo Convoy Interrupts . | . . . . . . Stealth | -11 -10 -10 -10 -9 -8 --------- Run | Jun Mat Min Exi Min Mat Distress Signals 5 | . 3 . . . 2 Communications Jammed . | . . . . . . Distress Signals . | . . . . . . Times Spotted 66 | . 30 15 . 2 19 Peak Tracking Total 7 | . 4 3 . 2 7 Tactical Retreats 1 | . 1 . . . . Traps | -11 -10 -10 -10 -9 -8 ------- Run | Jun Mat Min Exi Min Mat Traps Triggered 1 | . 1 . . . . Indirectly . | . . . . . . Trap Hack Attempts . | . . . . . . Triggered . | . . . . . . Disarmed . | . . . . . . Reprogrammed . | . . . . . . Reused . | . . . . . . Traps Extracted . | . . . . . . Installed . | . . . . . . Triggered . | . . . . . . Machines | -11 -10 -10 -10 -9 -8 ---------- Run | Jun Mat Min Exi Min Mat Machines Disabled 4 | . 2 . . 2 . Max in Single Turn 2 | . 1 . . 2 . Machines Repaired . | . . . . . . Machines Sabotaged . | . . . . . . Overloaded Fab Kills . | . . . . . . Hacking | -11 -10 -10 -10 -9 -8 --------- Run | Jun Mat Min Exi Min Mat Machines Accessed 9 | . 6 1 1 . 1 Terminals 6 | . 5 . . . 1 Fabricators . | . . . . . . Repair Stations . | . . . . . . Recycling Units 1 | . 1 . . . . Scanalyzers . | . . . . . . Garrison Access . | . . . . . . Total Hacks 16 | . 13 1 1 . 1 Successful 10 | . 7 1 1 . 1 Failed 5 | . 5 . . . . Catastrophic 2 | . 2 . . . . Database Lockouts 1 | . 1 . . . . Manual 8 | . 6 . 1 . 1 Terminals 13 | . 12 . . . 1 Fabricators . | . . . . . . Repair Stations . | . . . . . . Recycling Units 1 | . 1 . . . . Scanalyzers . | . . . . . . Garrison Access . | . . . . . . Terminal Hacks 6 | . 4 1 1 . . Robot Analysis 1 | . 1 . . . . Prototype ID Bank 2 | . 2 . . . . Open Door 1 | . . 1 . . . Zone Layout 1 | . 1 . . . . EX-Prototype ID Bank 1 | . . . 1 . . Fabricator Hacks . | . . . . . . Repair Station Hacks . | . . . . . . Recycling Unit Hacks . | . . . . . . Scanalyzer . | . . . . . . Garrison Access Hacks . | . . . . . . Unauthorized Hacks 4 | . 3 . . . 1 Terminals 3 | . 2 . . . 1 Botnet 3 | . 2 . . . 1 Fabricators . | . . . . . . Repair Stations . | . . . . . . Recycling Units 1 | . 1 . . . . Tunnel 1 | . 1 . . . . Scanalyzers . | . . . . . . Garrison Access . | . . . . . . Data Cores Recovered . | . . . . . . Used . | . . . . . . Hacking Detections 4 | . 3 . . . 1 Full Trace Events 1 | . 1 . . . . Feedback Events 1 | . 1 . . . . Corruption 1 | . 1 . . . . Feedback Blocked . | . . . . . . Robot Schematics Acquired . | . . . . . . Robots Built . | . . . . . . Authchips . | . . . . . . Time . | . . . . . . Total Robot Build Rating . | . . . . . . Part Schematics Acquired . | . . . . . . Parts Built . | . . . . . . Authchips . | . . . . . . Time . | . . . . . . Total Part Build Rating . | . . . . . . Parts Repaired . | . . . . . . Time . | . . . . . . Parts Recycled . | . . . . . . Recycled Matter . | . . . . . . Retrieved Matter . | . . . . . . Retrieved Components . | . . . . . . Parts Scanalyzed . | . . . . . . Part Schematics Acquired . | . . . . . . Parts Damaged . | . . . . . . Bothacking | -11 -10 -10 -10 -9 -8 ------------ Run | Jun Mat Min Exi Min Mat Used RIF Installer . | . . . . . . Robots Hacked . | . . . . . . Non-combat . | . . . . . . Combat . | . . . . . . Robot Hacks Applied . | . . . . . . Relay Couplers Released . | . . . . . . Fabnet Peak Effective % . | . . . . . . Robots Rewired . | . . . . . . Allies Hacked . | . . . . . . Hacks Repelled . | . . . . . . Allies | -11 -10 -10 -10 -9 -8 -------- Run | Jun Mat Min Exi Min Mat Total Allies 5 | . . 5 . . . Largest Group 5 | . . 5 2 1 . Highest-Rated Group 93 | . . 93 35 13 . Highest-Rated Ally 31 | . . 31 22 13 . Total Orders . | . . . . . . Ally Attacks 64 | . . 64 . . . Total Damage 613 | . . 613 . . . Kills 11 | . . 11 . . . Allies Corrupted . | . . . . . . Allies Melted . | . . . . . . Intel | -11 -10 -10 -10 -9 -8 ------- Run | Jun Mat Min Exi Min Mat Robot Analysis Total 1 | . 1 . . . . Derelict Logs Recovered 2 | . . 2 . . . Drone Launches . | . . . . . . Drone Recoveries . | . . . . . . Exploration | -11 -10 -10 -10 -9 -8 ------------- Run | Jun Mat Min Exi Min Mat Turns Passed 3829 | 57 1643 944 277 377 531 Spaces Moved 2570 | 59 1087 754 225 312 133 Core 2 | 2 . . . . . Treads . | . . . . . . Legs . | . . . . . . Wheels 2568 | 57 1087 754 225 312 133 Hover . | . . . . . . Flight . | . . . . . . Fastest Speed 50 | 50 80 105 105 105 93 Average Speed 103 | 78 96 113 105 105 110 Slowest Speed 130 | 80 115 115 105 105 130 Overloaded Moves . | . . . . . . Propulsion Burnouts . | . . . . . . Robots Hopped . | . . . . . . Cave-ins Triggered . | . . . . . . Exploration Rate (%) 51 | 3 85 95 60 52 14 Regions Visited 5 Branch Regions 3 Pre-discovered Areas 2 | . 1 1 . . . Known Exits Taken . | . . . . . . Unknown Exits Taken 5 | 1 1 1 1 1 . Scrap Searched 2 | . . 1 . 1 . Spaces Dug 68 | . 2 . . . 66 Terrain Destroyed 148 | . 2 . . 44 102 Melee 3 | . 2 . . . 1 Projectile . | . . . . . . AOE 145 | . . . . 44 101 Terrain Rammed . | . . . . . . Walls Destroyed . | . . . . . . Machines Disabled . | . . . . . . Actions | -11 -10 -10 -10 -9 -8 --------- Run | Jun Mat Min Exi Min Mat Total 3359 | 66 1414 817 265 353 444 Wait 491 | . 135 40 38 22 256 Move 2565 | 58 1086 753 224 311 133 Hop . | . . . . . . Pick Up 27 | 2 18 1 1 2 3 Fast Attach 16 | 6 5 . . 4 1 Attach 6 | . 2 . . . 4 Detach . | . . . . . . Swap 18 | . 8 3 1 2 4 Drop 21 | . 10 4 1 6 . Fire 43 | . 29 . . 4 10 Melee 172 | . 121 16 . 2 33 Ram . | . . . . . . Kick . | . . . . . . Crush . | . . . . . . Escape Stasis . | . . . . . . Rewire . | . . . . . . Trap . | . . . . . . Miscellaneous . | . . . . . . Route ------- -11/Junkyard -10/Materials (discovered 5 exits: [*Mat x3] / *Min x2) -10/Mines (discovered 3 exits: [*Mat x2] / *Exi) -10/Exiles -9/Mines -8/Materials History --------- Turn | Location | Event 13 | -11/Junkyard | Discovered new exit (range 16) 58 | -11/Junkyard | Entered Materials 295 | -10/Materials | Discovered new exit (range 13) 313 | -10/Materials | Build established: Mutant 539 | -10/Materials | Discovered new exit (range 15) 772 | -10/Materials | Discovered new exit (range 14) 831 | -10/Materials | Central database locked down 915 | -10/Materials | Discovered new exit (range 14) 1169 | -10/Materials | Core integrity fell below 50% 1184 | -10/Materials | Discovered new exit (range 16) 1701 | -10/Materials | Entered Mines 1722 | -10/Mines | Learned 2 Materials zone layouts 1726 | -10/Mines | Learned location of Storage (-9) 1782 | -10/Mines | Assembled infested the area 1796 | -10/Mines | Found a hidden stash of uninstalled traps 1858 | -10/Mines | Assisted by bots powering up and referring to "LRC-V3" 1908 | -10/Mines | Met a Derelict shopkeep closing up shop 1964 | -10/Mines | Discovered new exit (range 9) 2093 | -10/Mines | Core integrity fell below 20% 2246 | -10/Mines | Discovered new exit (range 4) 2492 | -10/Mines | Discovered new exit (range 10) 2645 | -10/Mines | Entered Exiles 2645 | -10/Exiles | Accompanied by 2 allies 2699 | -10/Exiles | Met 8R-AWN 2716 | -10/Exiles | Met EX-HEX 2746 | -10/Exiles | Met EX-BIN 2759 | -10/Exiles | Aligned with FarCom system 2760 | -10/Exiles | Given EX-Vault access code 2791 | -10/Exiles | Opened EX-Vault 2801 | -10/Exiles | Found PSU Rigger 2826 | -10/Exiles | Warned to stay clear of 0b10 Research branches 2854 | -10/Exiles | Met EX-DEC 2892 | -10/Exiles | Discovered new exit (range 11) 2922 | -10/Exiles | Left Exiles lab with PSU Rigger 2922 | -10/Exiles | Entered Mines 2922 | -9/Mines | Accompanied by 1 ally 2955 | -9/Mines | YI-UF0 nonchalantly dropped a Grenade Launcher on the ground 2962 | -9/Mines | Destroyed YI-UF0 2967 | -9/Mines | Found Prototype Storage 2967 | -9/Mines | Identified YI-UF0's Bottomless Matter Pit 2975 | -9/Mines | Found Corrupted Prototype Launcher 2975 | -9/Mines | Identified YI-UF0's Doublenader 3266 | -9/Mines | Discovered new exit (range 14) 3299 | -9/Mines | Entered Materials 3299 | -8/Materials | Evolved 4 slots: Propulsion x1, Utility x3 3656 | -8/Materials | Garrison activated, responded to threat 3830 | -8/Materials | Self-destructed Last Messages --------------- 03802_ Mace follow-up attack on Y-45 Defender. 03810_ Critical hit (Burn: +37). 03814_ Y-45 Defender suffers critical hit (Smash). 03814_ Destroyed Beam Rifle. 03814_ Destroyed Lgt. Armor Plating. 03814_ Y-45 Defender system corrupted by crushing effect. 03815_ Y-45 Defender system terminally corrupted. 03819_ Neutrino Reactor explodes. 03819_ Chain reaction triggered in Lgt. Ion Engine. 03819_ Med. Armor Plating destroyed. 03820_ Mace follow-up attack on Y-45 Defender. 03821_ K-01 Serf collects debris. 03823_ Mace follow-up attack on Y-45 Defender. 03825_ Hrd. Medium Armor Plating destroyed. 03826_ K-01 Serf collects debris. 03828_ Y-45 Defender destroyed. 03828_ G-47 Trooper destroyed. 03828_ L-31 Rogue destroyed. 03828_ YI-UF0's Doublenader destroyed. 03828_ Destroyed YI-UF0's Doublenader. Map ----- +----------------------------------------------------+ | | | | | | | | | | | | | ?????????????????????????????????????????????????? | | ?????????????????????????????????????????????????? | | ?????????????????????????????????????????????????? | | ?????????????????????????????????????????????????? | | ?????????????????????[[=?????????????????????????? | | ??????????????????? ?????????????????????????? | | ???????????????????? ?????????????????????????? | | ???????????????????? ?????????????????????????? | | ???????????????????? ?????????????????????????? | | ???????????????????? ?????????????????????????? | | ????????????????????# ?????????????????????????? | | ????????????????????# #??????###########???????? | | ????????????????????#Y #??????# #???????? | | ????????????????????# #??????# ! #???????? | | ????????????????????# ######## #???????? | | ????????????????????# # # ! #???????? | | ????????????????????# # # #???????? | | ????????????????????# k ] # ""T"" #?????### | | ????????????????????# # """"" #????## | | ????????????????????#w [%@ # = ####### # | | ????????????????????# g=% #####+##### # | | ????????????????????# #######*=!! # | | ????????????????????# ## [! ! #! =!= # # | | ???????????????????## ## [ +! =!! | # | | ???????????????????# # ##[##### [ # # | | ???????????????????# #g ##+#?# ## | | ???????????????????# + ! # ### | | ???????????????????# # """ # #### | | ???????????????????# # R" + """ ##?? | | ???????????????????####### k""" # """ [ ##?? | | ?????????????????????????# # """ * #?? | | ?????????????????????????####### ## # ##?? | | ???????????????????????????????#### " " #??? | | ??????????????????????????????????# "G" # ??? | | ??????????????????????????????????# ? """ ?? | | ??????????????????????????????????# ???? ?? | | ??????????????????????????????????#??????## ?? | | ???????????????????????????????????????????? ???? | | ?????????????????????????????????????????????????? | | ?????????????????????????????????????????????????? | | ?????????????????????????????????????????????????? | | ?????????????????????????????????????????????????? | | ?????????????????????????????????????????????????? | | ?????????????????????????????????????????????????? | +----------------------------------------------------+ Best States ------------- Heat Dissipation 31 Energy Generation 18 Energy Capacity 250 Matter Stores 300 Matter Capacity 300 Sight Range 16 Terrain Scan Density 10 Additional Mass Support 9 Armor Coverage 600 Core Shielding 20 Evasion (%) 44 Item Schematics ----------------- None Robot Schematics ------------------ None Fabricated ------------ Nothing Alien Tech Used ----------------- None Achievements -------------- None Challenges ------------ None Game ------ Seed BladeSurgeCharge Manual? 0 Play Time 00:29:49 Cumulative 124.6 hours Start 2023.04.18 @ 11:37:02 End 2023.04.18 @ 12:14:14 Sessions 1 Manual Loads 0 Difficulty Rogue Special Mode None Game No. 353 Rogue 353 Adventurer 0 Explorer 0 Win Type - Total 4 Types 4/0/0/0/0/0/0/0/0 Lore% 60 Gallery% 61 Achievement% 54 Wizard Run 0 Options --------- ASCII 0 Keyboard 0 Movement Arrows Keybinds 0 Fullscreen 1 Font 12/Smallcaps Map View 83x54 Tactical HUD 1 Map Filters NONE Filters NONE Steam 1 RUN: 7d289775-6ded-4356-96ed-9a136a1c2ae7